 Dungeon Crawl Stone Soup version 0.30.1-8-g117510f58f (webtiles) character file.

Game seed: 12386610753834457262

53 LIV the Grave Robber (level 4, -3/32 HPs)
             Began as a Human Necromancer on Sept 21, 2023.
             Slain by an orc
             ... wielding a +0 flail
              (10 damage)
             ... on level 3 of the Dungeon on Sept 22, 2023.
             The game lasted 00:21:45 (1958 turns).

LIV the Grave Robber (Human Necromancer)            Turns: 1958, Time: 00:21:46

Health: -3/32      AC:  3    Str:  8    XL:     4   Next: 11%
Magic:  7/7        EV: 12    Int: 18    God:
Gold:   140        SH:  0    Dex: 13    Spells: 6/7 levels left

rFire   . . .        r - +0 falchion
rCold   . . .        (no shield)
rNeg    . . .        a - +1 robe
rPois   .            (no helmet)
rElec   .            (no cloak)
rCorr   .            (no gloves)
SInv    .            (no boots)
Will    .....        (no amulet)
Stlth   ++           (no ring)
HPRegen 0.25/turn    (no ring)
MPRegen 0.10/turn

%: no passive effects
@: no status effects
A: no striking features
a: no special abilities


You were on level 3 of the Dungeon.
You visited 1 branch of the dungeon, and saw 3 of its levels.

You collected 140 gold pieces.

Inventory:

Hand Weapons
 d - a +0 dagger
 q - a +0 whip
 r - a +0 falchion (weapon)
Missiles
 f - 3 boomerangs
 g - 14 stones
Armour
 a - a +1 robe (worn)
 p - a +0 ring mail
 t - a +0 pair of gloves
Scrolls
 j - 2 scrolls of fear
 k - a scroll of vulnerability
 o - a scroll of identify {unknown}
 s - a scroll of fog {unknown}
 u - a scroll of amnesia {unknown}
Potions
 b - 2 potions of magic
 c - 3 potions of curing {unknown}
 e - a potion of flight {unknown}
 h - a potion of heal wounds {unknown}
 i - a potion of attraction {unknown}
 m - a potion of lignification {unknown}
 n - a potion of haste {unknown}


   Skills:
 + Level 1.0 Fighting
 + Level 0.2(0.4) Short Blades
 + Level 0.5(0.6) Long Blades
 + Level 2.3 Dodging
 + Level 2.3 Stealth
 + Level 2.3 Spellcasting
 + Level 4.5 Necromancy


You had 6 spell levels left.
You knew the following spells:

 Your Spells              Type           Power      Damage    Failure   Level
a - Necrotise             Necr           72%        1d7       2%          1

Your spell library contained the following spells:

 Spells                   Type           Power      Damage    Failure   Level
 Vampiric Draining        Necr           18%        2d7       9%          3
 Magic Dart               Conj           8%         1d3       19%         1
 Searing Ray              Conj           4%         2d4       26%         2
 Animate Dead             Necr           18%        N/A       26%         4
 Dazzling Flash           Conj/Hex       4%         N/A       47%         3
 Portal Projectile        Hex/Tloc       4%         N/A       47%         3
 Tukima's Dance           Hex            2%         N/A       47%         3
 Volatile Blastmotes      Fire/Tloc      4%         2d10      47%         3
 Agony                    Necr           18%        N/A       58%         5
 Fulminant Prism          Conj/Hex       1%         3d5       87%         4
 Iskenderun's Mystic Bla  Conj/Tloc      2%         2d3       87%         4
 Blade Hands              Tmut           1%         N/A       99%         5
 Starburst                Conj/Fire      1%         6d3       100%        6


Dungeon Overview and Level Annotations

Branches:
Dungeon (3/15)

Altars:


Message History

Press: ? - help, Q - select action, (/) - cycle Shift-Dir - straight line, f/p - adder
Aim: an adder (severely wounded, chance to affect: 81%)
The adder barely resists.
You hit the adder.
You kill the adder!
Your Fighting skill increases to level 1!
You have reached level 4!
You feel clever.
You see here an adder corpse.
As you read the scroll labelled WAP LOTEMISMO, it crumbles to dust.
Magic quickly surges around you.
It was a scroll of vulnerability.
Found 17 gold pieces.
Found a scroll of fear.
You now have 140 gold pieces (gained 17).
j - 2 scrolls of fear (gained 1)
As you read the scroll labelled LIMEDI VATI, it crumbles to dust.
It is a scroll of enchant armour.
Your +0 robe glows green for a moment.
You feel your willpower return.
Found a stone staircase leading up.
There is a stone staircase leading down here.
There is an open door here.
You open the door.
There is an open door here.
A gnoll comes into view. It is wielding a +0 halberd.
The gnoll moves out of view.
A gnoll and an orc come into view.
Found an escape hatch in the ceiling.
The orc shouts!
The gnoll shouts! x2; You hear a shout!
There is an open door here.
A gnoll comes into view. It is wielding a +0 club.
The gnoll shouts!
The gnoll hits you from afar with a +0 halberd.
The gnoll barely misses you. The gnoll hits you with a +0 halberd!
Ouch! That really hurt!
The gnoll hits you from afar with a +0 spear!
* * * LOW HITPOINT WARNING * * *
The orc hits you with a +0 flail!
You die...

#.#..........
#.#..........
#####
#.#..........
.....
#.#########
......#.# .
......#.# ..
......#'####...
...............
####...@.......
#..g.o......
#...g.......
#...g......<
#...........
#...........
#...........
#...........
#...........


You could see 3 gnolls and an orc.

Vanquished Creatures
  3 adders
  5 ball pythons
  2 endoplasms
  2 giant cockroaches (D:1)
  A goblin (D:1)
  A hobgoblin (D:2)
  A quokka (D:1)
  2 bats (D:1)
  2 frilled lizards (D:1)
  3 kobolds (D:1)
  4 rats
26 creatures vanquished.

Vanquished Creatures (collateral kills)
  A bat (D:1)
  2 goblins (D:1)
3 creatures vanquished.

Grand Total: 29 creatures vanquished

Notes
Turn   | Place    | Note
-------+----------+-------------------------------------------
     0 | D:1      | LIV the Human Necromancer began the quest for the Orb.
     0 | D:1      | Reached XP level 1. HP: 13/13 MP: 3/3
   314 | D:1      | Reached XP level 2. HP: 19/19 MP: 3/5
   820 | D:2      | Reached XP level 3. HP: 21/25 MP: 6/6
  1716 | D:3      | Upgraded the game from 0.30.1-6-gbe392663c4 to
                  | 0.30.1-8-g117510f58f
  1754 | D:3      | Reached skill level 1 in Fighting
  1754 | D:3      | Reached XP level 4. HP: 32/32 MP: 4/7
  1958 | D:3      | Slain by an orc

Illustrated notes

Levels and vault maps discovered:
D:1:      co_arrival_square_in_a_square_in_a_square, layout_basic
D:2:      layout_loops_ring, minmay_tromino_v4_b
D:3:      layout_basic, ebering_ecumenical_altar_ruins,
          minmay_misc_feat_nine_boxes, chequers_serial_rivers_small_3,
          minmay_randomly_rotated_circles

Skill      XL: |  1  2  3 |
---------------+----------+-----
Fighting       | 1 |  1.0
Short Blades   | |  0.2
Long Blades    | |  0.5
Dodging        | |  2.3
Stealth        | |  2.3
Spellcasting   | |  2.3
Necromancy     | |  4.5

Action                     |  1- 3 |  4- 6 || total
---------------------------+-------+-------++-------
  Melee: Dagger            |    30 |       ||    30
         Falchion          |    12 |       ||    12
         Punch             |     1 |       ||     1
   Cast: Necrotise         |    29 |       ||    29
    Use: Potion            |     1 |       ||     1
         Scroll            |     1 |     2 ||     3
   Stab: Distracted        |     1 |       ||     1
 Armour: Robe              |    17 |       ||    17
  Dodge: Dodged            |    54 |     1 ||    55
